 Dungeon Crawl Stone Soup version 0.14-a0-1297-g3d87a2a (webtiles) character file.

171 Jenx the Poker (level 4, -4/34 HPs)
             Began as a Djinni Fighter on Dec 4, 2013.
             Slain by a gnoll
             ... wielding a +0,+0 halberd
              (11 damage)
             ... on Level 2 of the Dungeon.
             The game lasted 00:04:34 (1041 turns).

Jenx the Poker (Djinni Fighter)                     Turns: 1041, Time: 00:04:34

HP  -4/34        AC  6     Str 16      XL: 4   Next: 64%
MP   0/0         EV  6     Int 10      God:
Gold 59          SH 17     Dex 12      Spells:  0 memorised,  3 levels left

rFire  + + +     SeeInvis .     a - +0 trident
rCold  x . .     Clarity  .     b - +0 scale mail
rNeg   + + +     Conserve .     c - +0 shield
rPois  .         rCorr    .     (no helmet)
rElec  .         rRot     .     (no cloak)
SustAb . .       Spirit   .     (no gloves)
rMut   .         Warding  .     (boots unavailable)
Saprov . . .     Stasis   .     (no amulet)
                                (no ring)
                                l - ring of wizardry

@: flying, slightly resistant to hostile enchantments, extremely unstealthy
A: fire immunity, cold vulnerability, mutation resistance 1, life protection 3
a: no special abilities


You were on level 2 of the Dungeon.
You were not hungry.

You visited 1 branch of the dungeon, and saw 2 of its levels.

You collected 59 gold pieces.

Inventory:

Hand weapons
 a - a +0,+0 trident (weapon)
Armour
 b - a +0 scale mail (worn)
 c - a +0 shield (worn)
 j - a +0 orcish robe
Scrolls
 d - 2 scrolls of fear {unknown}
 f - 2 scrolls of identify
 g - a scroll of random uselessness {unknown}
 h - 2 scrolls of teleportation {unknown}
 i - a scroll of blinking {unknown}
 m - a scroll of curse armour {unknown}
Jewellery
 l - a ring of wizardry (left hand)
Potions
 e - a potion of heal wounds {unknown}
 k - a potion of mutation {unknown}


   Skills:
 - Level 2.6 Fighting
 * Level 4.9 Polearms
 - Level 3.2 Armour
 - Level 3.0 Shields


You had 3 spell levels left.
You didn't know any spells.

Dungeon Overview and Level Annotations

Branches:
Dungeon (2/16)

Altars:
Sif Muna


Innate Abilities, Weirdness & Mutations

You are immune to all types of fire, even holy and hellish.
You are vulnerable to cold.
You need no food.
You have no legs.
You are immune to negative energy.
You are somewhat resistant to further mutation.


Message History

The bat is heavily wounded.
The bat hits you but does no damage. You block the bat's attack.
The bat barely misses you.
You hit the bat.
You kill the bat!
The gnoll closely misses you.
You hit the gnoll but do no damage. The gnoll barely misses you.
You hit the gnoll.
The gnoll is moderately wounded.
The gnoll hits you with a halberd.
* * * LOW HITPOINT WARNING * * *
You hit the gnoll.
The gnoll is heavily wounded.
You barely miss the gnoll.
The gnoll is heavily wounded.
You block the gnoll's attack.
You hit the gnoll but do no damage.
The gnoll is heavily wounded.
The gnoll hits you with a halberd!
You die...

##########
#........###########
#.#................#
#.#.####.#########.#
#.....#...########.#
#.###<###.#.#..g@....#.#
......# #.....######.#.#
#.###.###.###.# #.#.#
#......# #%# #...##
##.#.### #.# ###..#
#.....# #.# ##.<###
#.###.#.#.# #.# #.....#
#.......#.#
#.#######.###.#
#####.###.# #.<.).....#
.#


You could see a gnoll.

Vanquished Creatures
  Terence (D:2)
  2 gnolls (D:2)
  An adder (D:2)
  A giant mite (D:1)
  A worm (D:1)
  2 giant geckos (D:1)
  An ooze (D:1)
  10 giant cockroaches (D:1)
  6 goblins
  6 hobgoblins
  6 jackals (D:1)
  5 bats
  3 giant newts
  3 kobolds (D:1)
  9 rats
57 creatures vanquished.

Notes
Turn   | Place    | Note
--------------------------------------------------------------
     0 | D:1      | Jenx, the Djinni Fighter, began the quest for the Orb.
     0 | D:1      | Reached XP level 1. HP: 16/16 MP: 0/0
    97 | D:1      | Reached XP level 2. EP: 12/22
   182 | D:1      | Gained mutation: You are somewhat resistant to further mutation. [potion of beneficial mutation]
   400 | D:1      | Reached XP level 3. EP: 28/28
   775 | D:1      | Reached skill level 4 in Polearms
   853 | D:2      | Found a deep blue altar of Sif Muna.
   877 | D:2      | Noticed Terence
   893 | D:2      | Killed Terence
   893 | D:2      | Reached XP level 4. EP: 20/34
  1041 | D:2      | Slain by a gnoll

Action                   |  1- 3 |  4- 6 || total
-------------------------+-------+-------++-------
Melee: Trident           |   172 |    36 ||   208
  Use: Scroll            |     1 |       ||     1
